 Dungeon Crawl Stone Soup version 0.32-a0-572-g3e1049bc92 (webtiles) character file.

Game seed: 1660797993615801298

11085 Essalna the Destroyer (level 11, -4/71 HPs)
             Began as a Gargoyle Fire Elementalist on Mar 1, 2024.
             Was a Priest of Vehumet.
             Slain by a bog body (36 damage)
             ... on level 2 of the Lair of Beasts.
             The game lasted 00:16:57 (11464 turns).

Essalna the Destroyer (Gargoyle Fire Elementalist) Turns: 11464, Time: 00:16:57

Health: -4/71      AC: 23    Str: 11    XL:     11   Next: 72%
Magic:  0/17       EV: 11    Int: 26    God:    Vehumet [***...]
Gold:   714        SH:  4    Dex: 10    Spells: 11/18 levels left

rFire   + . .        t - staff of conjuration
rCold   x . .        G - +0 buckler
rNeg    + . .        F - +0 acid dragon scales
rPois   ∞            (no helmet)
rElec   +            l - +0 cloak
rCorr   +            L - +0 pair of gloves
SInv    .            o - +0 pair of boots
Will    .....        H - amulet "Unoask" {Spirit Int+5}
Stlth   +            J - ring of fire
HPRegen 0.31/turn    n - +4 ring of protection
MPRegen 0.15/turn

%: guardian spirit
@: no status effects
A: sickness immunity, AC +8, negative energy resistance 1, electricity
resistance, torment resistance 1, petrification resistance
a: Renounce Religion


You were on level 2 of the Lair of Beasts.
You worshipped Vehumet.
Vehumet was most pleased with you.
You visited 4 branches of the dungeon, and saw 14 of its levels.

You collected 772 gold pieces.
You spent 58 gold pieces at shops.

Inventory:

Hand Weapons
 c - a +1 flail
 N - the +5 rapier "Fakima" {vamp, rC+ rCorr}
   (You found it on level 8 of the Dungeon)

   rC+:       It protects you from cold.
   rCorr:     It protects you from acid and corrosion.
Armour
 a - a +0 robe
 l - a +0 cloak (worn)
 o - a +0 pair of boots (worn)
 F - +0 acid dragon scales (worn)
 G - a +0 buckler (worn)
 L - a +0 pair of gloves (worn)
 S - a +2 robe of cold resistance
Magical Staves
 t - a staff of conjuration (weapon)
 P - a staff of cold
Jewellery
 h - a ring of wizardry
 n - a +4 ring of protection (right hand)
 A - a ring of flight
 H - the amulet "Unoask" (around neck) {Spirit Int+5}
   (You found it on level 8 of the Dungeon)

   [amulet of guardian spirit]

   Spirit:    It causes incoming damage to be divided between your reserves of
   health and magic.
   Int+5:     It affects your intelligence (+5).
 J - a ring of fire (left hand)
 R - a ring of ice
Wands
 E - a wand of flame (10)
Scrolls
 b - a scroll of immolation {unknown}
 d - 5 scrolls of teleportation
 e - 2 scrolls of revelation
 f - a scroll of enchant weapon
 g - a scroll of noise {unknown}
 i - a scroll of enchant armour {unknown}
 s - 4 scrolls of blinking
 y - a scroll of fear {unknown}
 B - 4 scrolls of identify {unknown}
 C - 2 scrolls of fog {unknown}
 D - 2 scrolls of poison {unknown}
 I - 4 scrolls of amnesia {unknown}
 K - a scroll of brand weapon {unknown}
 M - a scroll of vulnerability {unknown}
Potions
 j - 2 potions of might {unknown}
 k - 4 potions of mutation {unknown}
 m - 3 potions of enlightenment {unknown}
 p - 6 potions of heal wounds {unknown}
 q - 2 potions of invisibility {unknown}
 r - 3 potions of curing {unknown}
 u - 2 potions of brilliance {unknown}
 v - 5 potions of degeneration {unknown}
 w - 2 potions of attraction {unknown}
 x - a potion of ambrosia {unknown}
 z - a potion of lignification {unknown}
 Q - a potion of berserk rage {unknown}
Miscellaneous
 O - a lightning rod (4/4)


   Skills:
 + Level 9.5 Fighting
 + Level 7.0 Armour
 + Level 3.1 Dodging
 - Level 2.1 Stealth
 - Level 4.0 Shields
 - Level 4.0 Spellcasting
 + Level 10.3 Conjurations
 + Level 10.0 Fire Magic


You had 11 spell levels left.
You knew the following spells:

 Your Spells              Type           Power      Damage    Failure   Level
a - Foxfire               Conj/Fire      100%       2x1d9     1%          1
b - Scorch                Fire           100%       2d9       1%          2
c - Flame Wave            Conj/Fire      92%        2d19      1%          4

Your spell library contained the following spells:

 Spells                   Type           Power      Damage    Failure   Level
 Dazzling Flash           Conj/Hex       96%        N/A       1%          3
 Magic Dart               Conj           100%       1d8       1%          1
 Searing Ray              Conj           100%       2d8       1%          2
 Hailstorm                Conj/Ice       48%        3d10      1%          3
 Inner Flame              Hex/Fire       46%        N/A       1%          3
 Volatile Blastmotes      Fire/Tloc      92%        2d17      1%          3
 Freeze                   Ice            20%        1d4       4%          1
 Fulminant Prism          Conj/Alch      24%        3d12      5%          4
 Frozen Ramparts          Ice            10%        1d2       13%         3
 Summon Small Mammal      Summ           20%        N/A       17%         1
 Summon Blazeheart Golem  Fire/Summ      46%        N/A       22%         4
 Call Canine Familiar     Summ           5%         N/A       45%         3


Dungeon Overview and Level Annotations

Branches:
Dungeon (9/15)             Temple (1/1) D:4            Lair (2/5) D:9
    Orc (2/2) D:9
  Swamp: Lair:2-3    Shoals: Lair:2-3     Snake: Lair:2-3    Spider: Lair:2-3
    Elf: Orc:2

Altars:
Ashenzari
Cheibriados
Dithmenos
Elyvilon
Fedhas
Gozag
Hepliaklqana
Kikubaaqudgha
Makhleb
Nemelex Xobeh
Qazlal
Ru
Sif Muna
Trog
Uskayaw
Vehumet
Wu Jian
Xom
Yredelemnul
Zin
The Shining One

Shops:
D:5 [   D:6 *   D:8 ?

Portals:
Abyss: D:5

Annotations:
D:3 3 runed translucent doors, crabbyslav's ghost, weakling DsAl
D:4 3 runed translucent doors, Bambolzed's ghost, amateur VSEn; Fastnbulbous's ghost, amateur DsCA; Gilette's ghost, amateur CoFi; docpaisley's ghost, amateur CoWn; xBlu3print's ghost, amateur MDFi
D:5 4 transporters, GordonOverkill's ghost, weakling CoDe


Innate Abilities, Weirdness & Mutations

You are immune to sickness and miasma.
Your stone body is resilient. (AC +8)
You are immune to poison.
You resist negative energy. (rN+)
You are resistant to electric shocks. (rElec)
You are resistant to unholy torment.
You are immune to petrification.


Message History

The bog body is moderately damaged.
The foxfire hits the bog body.
The bog body resists.
The bog body is heavily damaged.
The bog body gestures at you while chanting.
The bolt of cold hits you!!!
You feel a terrible chill! The bolt of cold hits your foxfire!!
Casting: Foxfire (safe; 1% risk of failure)
Confirm with . or Enter, or press ? or * to list all spells.
Casting: Flame Wave (mildly dangerous; 1% risk of failure)
Press: ? - help, Dir - look around, f - activate You feel a strong surge of power!
A wave of flame ripples out!
The flame wave engulfs the bog body!
The bog body resists.
The bog body is severely damaged.
The flame wave engulfs your foxfire.
Your foxfire completely resists. (Press . to intensify the flame waves.)
You hear a bellow!
The foxfire hits the bog body.
The bog body resists.
The bog body is almost destroyed.
The bog body closely misses you.
A wave of flame ripples out!
The flame wave engulfs the bog body!
The bog body resists.
You destroy the bog body!
Vehumet accepts your kill.
You feel your power returning.
The flame wave engulfs the bog body.
The bog body resists.
The bog body is lightly damaged.
You hear a bellow! x3
Your Armour skill increases to level 7!
Your Dodging skill increases to level 3!
Your Fire Magic skill increases to level 10!
A wave of flame ripples out!
The flame wave engulfs the bog body!
The bog body resists.
The bog body is moderately damaged.
You finish channelling waves of flame.
You hear a bellow!
The bog body touches you! The bog body freezes you!!!
You feel a terrible chill!
Ouch! That really hurt!
You die...

###### ###.#..#
####.<..#.##
#..........### .
#..P#.........##
... ##.
#..........#.....
#
##..#....@.......
#####.##n.......
###.#.....P. ..
...#... .§~ ~..#
.. §§§§ §~§.. .
##.§§ §~.... ..§§
♣♣§...


You could see a bog body.

Vanquished Creatures
  Fannar (Lair:1)
  A two-headed ogre (D:9)
  A bog body (Lair:2)
  A cyclops (Orc:2)
  A cane toad (Lair:1)
  Maggie (D:7)
  A komodo dragon (Lair:1)
  A troll (Orc:2)
  A hornet (D:8)
  A shadow (D:9)
  2 wyverns
  24 yaks
  A steam dragon (D:8)
  A warg (Orc:2)
  2 orc warriors
  4 black bears
  2 ice beasts
  4 wolves (Lair:1)
  A centaur (D:9)
  3 scorpions
  6 bullfrogs
  A gnoll sergeant (D:8)
  4 wights (D:6)
  15 killer bees (D:9)
  5 howler monkeys
  A bombardier beetle (D:7)
  3 jellies
  3 hounds (D:7)
  4 orc priests
  2 sleepcaps
  4 iguanas
  6 orc wizards
  8 gnolls
  6 adders
  2 white imps
  6 ufetubi
  2 ribbon worms
  4 dart slugs
  15 orcs
  A ball python (D:1)
  3 bats
  4 endoplasms
  6 giant cockroaches
  2 goblins
  4 hobgoblins
  A quokka (D:4)
  A frilled lizard (D:1)
  6 kobolds
  6 rats
185 creatures vanquished.

Vanquished Creatures (collateral kills)
  A foxfire (D:1)
1 creature vanquished.

Vanquished Creatures (others)
  635 foxfires
635 creatures vanquished.

Grand Total: 821 creatures vanquished

Notes
Turn   | Place    | Note
-------+----------+-------------------------------------------
     0 | D:1      | Essalna the Gargoyle Fire Elementalist began the quest for
                  | the Orb.
     0 | D:1      | Reached XP level 1. HP: 10/10 MP: 3/3
   270 | D:1      | Reached XP level 2. HP: 7/15 MP: 0/5
   833 | D:1      | Learned a level 2 spell: Scorch
  1151 | D:1      | Reached XP level 3. HP: 19/19 MP: 2/6
  2215 | D:3      | Reached XP level 4. HP: 24/24 MP: 3/8
  2487 | D:3      | Found a basalt altar of Yredelemnul.
  2488 | D:3      | Found a burning altar of Makhleb.
  2506 | D:3      | Found a runed translucent gate.
  2508 | D:3      | Found a runed translucent gate.
  2510 | D:3      | Found a runed translucent gate.
  2515 | D:3      | Noticed crabbyslav's ghost (weakling DsAl)
  2868 | D:3      | Found an ancient bone altar of Kikubaaqudgha.
  2871 | D:3      | Reached XP level 5. HP: 27/28 MP: 4/9
  2915 | D:3      | Found a glowing golden altar of the Shining One.
  3032 | D:4      | Found a staircase to the Ecumenical Temple.
  3039 | Temple   | Entered the Ecumenical Temple
  3058 | Temple   | Became a worshipper of Vehumet
  3381 | D:4      | Found a snail-covered altar of Cheibriados.
  3381 | D:4      | Noticed a black bear
  3391 | D:4      | Killed a black bear
  3392 | D:4      | Reached XP level 6. HP: 31/32 MP: 0/11
  3485 | D:4      | You fall into a shaft and drop 2 floors!
  3496 | D:5      | Entered Level 5 of the Dungeon
  3509 | D:5      | Found a transporter.
  3765 | D:4      | Found a bloodstained altar of Trog.
  3823 | D:4      | Found a runed translucent gate.
  3836 | D:4      | Found a runed translucent gate.
  3836 | D:4      | Found a runed translucent gate.
  3836 | D:4      | Noticed docpaisley's ghost (amateur CoWn)
  3837 | D:4      | Noticed xBlu3print's ghost (amateur MDFi)
  3837 | D:4      | Noticed Fastnbulbous's ghost (amateur DsCA)
  3837 | D:4      | Noticed Bambolzed's ghost (amateur VSEn)
  3837 | D:4      | Noticed Gilette's ghost (amateur CoFi)
  4057 | D:5      | Found Peivvaut's Armour Shoppe.
  4122 | D:5      | Learned a level 4 spell: Flame Wave
  4133 | D:5      | Found a transporter.
  4296 | D:5      | Reached skill level 1 in Fighting
  4383 | D:5      | Found a shadowy altar of Dithmenos.
  4402 | D:5      | Found a transporter.
  4436 | D:5      | Found a transporter.
  4443 | D:5      | Noticed a small abomination
  4471 | D:5      | Noticed an ice beast
  4477 | D:5      | Killed an ice beast
  4478 | D:5      | Reached skill level 5 in Fire Magic
  4478 | D:5      | Reached XP level 7. HP: 39/39 MP: 7/13
  4615 | D:5      | Found a one-way gate to the infinite horrors of the Abyss.
  4615 | D:5      | Noticed GordonOverkill's ghost (weakling CoDe)
  4967 | D:6      | Reached skill level 5 in Conjurations
  5122 | D:6      | Reached XP level 8. HP: 46/46 MP: 3/14
  5318 | D:6      | Identified the +1 chain mail "Neyfeawur" {Fly Will+}
  5323 | D:6      | Found Xasausoj's General Store.
  5862 | D:6      | Reached * piety under Vehumet
  5862 | D:6      | Offered knowledge of Shock by Vehumet.
  6198 | D:6      | Reached skill level 5 in Fighting
  6941 | D:7      | Reached XP level 9. HP: 54/54 MP: 9/15
  7360 | D:7      | Noticed Maggie
  7367 | D:7      | Killed Maggie
  7690 | D:6      | Bought a +0 buckler for 58 gold pieces
  7743 | D:8      | Reached skill level 1 in Armour
  7743 | D:8      | Reached skill level 1 in Shields
  7944 | D:8      | Found Oci Ypyo's Magic Scroll Emporium.
  8078 | D:8      | Found the +9 scales of the Dragon King {rPois rF+ rC+
                  | Will+}
  8079 | D:8      | Noticed a green ugly thing
  8079 | D:8      | Noticed a purple ugly thing
  8079 | D:8      | Noticed a two-headed ogre
  8080 | D:8      | Noticed a centaur warrior
  8090 | D:8      | Identified the amulet "Unoask" {Spirit Int+5}
  8373 | D:8      | Noticed a hornet
  8377 | D:8      | Killed a hornet
  8378 | D:8      | Reached XP level 10. HP: 63/63 MP: 10/16
  8555 | D:8      | Reached ** piety under Vehumet
  8555 | D:8      | Offered knowledge of Kiss of Death by Vehumet.
  8690 | D:8      | Noticed a deep elf pyromancer
  8848 | D:8      | Identified the +5 rapier "Fakima" {vamp, rC+ rCorr}
  9133 | D:9      | Found a staircase to the Orcish Mines.
  9207 | D:9      | Noticed a two-headed ogre
  9220 | D:9      | Killed a two-headed ogre
  9414 | D:9      | Found a staircase to the Lair.
  9914 | D:9      | Found an ornate altar of the Wu Jian Council.
  9971 | Orc:1    | Entered Level 1 of the Orcish Mines
 10023 | Orc:2    | Entered Level 2 of the Orcish Mines
 10023 | Orc:2    | Noticed a cyclops
 10024 | Orc:2    | Noticed an ettin
 10026 | Orc:2    | Killed a cyclops
 10027 | Orc:2    | Reached skill level 5 in Armour
 10162 | Lair:1   | Entered Level 1 of the Lair of Beasts
 10198 | Lair:1   | Noticed a cane toad
 10205 | Lair:1   | Killed a cane toad
 10206 | Lair:1   | Reached XP level 11. HP: 69/69 MP: 11/17
 10495 | Lair:1   | Offered knowledge of Dazzling Flash by Vehumet.
 10599 | Lair:1   | Reached skill level 10 in Conjurations
 10606 | Lair:1   | Reached *** piety under Vehumet
 10783 | Lair:1   | Noticed Fannar
 10793 | Lair:1   | Killed Fannar
 11456 | Lair:2   | Noticed a bog body
 11456 | Lair:2   | Noticed a bog body
 11463 | Lair:2   | Killed a bog body
 11464 | Lair:2   | Reached skill level 10 in Fire Magic
 11464 | Lair:2   | Slain by a bog body

Illustrated notes

Levels and vault maps discovered:
D:1:      heliophobic_arrival_dark_side_of_the_moon, layout_loops_ring,
          serial_forest, infiniplex_forest_end_1, infiniplex_forest_clump_long,
          infiniplex_forest_lined_1, infiniplex_forest_zigzag_2,
          infiniplex_forest_clump_curved, infiniplex_forest_side_room,
          minivault_25
D:2:      layout_basic
D:3:      layout_rooms, chequers_temple_overflow_statue_of_worship,
          gammafunk_ghost_split
D:4:      layout_loops_ring, old_standard_altar, trog_three_pillars_becter,
          minmay_temple_entry_slanted, gammafunk_ghost_cemetery
D:5:      gammafunk_steamed_eel, layout_cave_pools,
          grunt_dithmenos_smoke_and_mirrors, serial_bayou, serial_bayou_shore_b,
          serial_bayou_ford_a, serial_bayou_pond_e, serial_shops,
          nicolae_take_the_stairs, gammafunk_ghost_abyssal_escape
D:6:      layout_basic, serial_shops, nicolae_diamond_shop,
          minmay_chambers_of_fives
D:7:      layout_loops_ring, uniq_maggie
D:8:      layout_cave_pods, serial_shops, shop, minivault_12
D:9:      layout_roguey, nzn_wu_jian_council_hall, dpeg_oklobed_lair,
          orc_0_dummy, minivault_11
Temple:   nicolae_temple_ecumenical_triangle
Lair:1:   layout_cave_pods, beast_lair_carwin_4, uniq_fannar
Lair:2:   layout_cave_pods, skrybe_swamp_entry_bodies,
          nicolae_snake_entry_squirm, special_room [special_room_bee],
          st_stairs_4, grunt_megastairs_1, serial_bayou_shore_a
Orc:1:    layout_diamond_mine, uniq_snorg
Orc:2:    st_orc_ogre_mass, layout_diamond_mine, serial_shops,
          nicolae_shop_tiny_statue_garden, basic_altar

Skill      XL: |  1  2  3  4  5  6  7  8  9 10 11 |
---------------+----------------------------------+-----
Conjurations   | 2 3 4 5 6 8 9 10 | 10.3
Spellcasting   | 3 4 |  4.0
Fire Magic     | 4 5 7 8 9 10 | 10.0
Fighting       | 1 3 5 7 8 9 |  9.5
Armour         | 3 5 7 |  7.0
Shields        | 3 4 |  4.0
Dodging        | 3 |  3.1
Stealth        | |  2.1

Action                     |  1- 3 |  4- 6 |  7- 9 | 10-12 || total
---------------------------+-------+-------+-------+-------++-------
  Melee: Flail             |     8 |       |       |       ||     8
         Staff             |       |     4 |     8 |    11 ||    23
   Cast: Foxfire           |    58 |    88 |   143 |    73 ||   362
         Scorch            |     6 |    16 |    21 |     9 ||    52
         Flame Wave        |       |       |     9 |    18 ||    27
  Evoke: Wand              |       |       |       |     1 ||     1
    Use: Scroll            |       |       |     3 |       ||     3
         Potion            |       |       |       |     1 ||     1
   Stab: Sleeping          |     1 |       |       |       ||     1
 Armour: Robe              |     7 |    18 |    27 |       ||    52
         Acid dragon scale |       |       |    25 |    56 ||    81
  Dodge: Dodged            |    10 |    11 |    21 |    24 ||    66
  Block: Buckler           |       |       |     6 |    18 ||    24

Table legend: (Time is in decaauts)
 A = Elapsed time spent in this place.
 B = Non-inter-level travel time spent in this place.
 C = Inter-level travel time spent in this place.
 D = Time resting spent in this place.
 E = Time spent auto-exploring this place.
 F = Levels seen in this place.
 G = Mean time per level.
                   A        B        C        D        E       F      G
               +--------+--------+--------+--------+--------+-----+--------+
         Total |  11487 |  10834 |    653 |    253 |   9353 |  14 |  820.5 |
       Dungeon |   9973 |   9363 |    610 |    147 |   8130 |   9 | 1108.1 |
        Temple |     36 |     20 |     16 |      0 |      0 |   1 |   36.0 |
          Lair |   1301 |   1290 |     11 |      0 |   1181 |   2 |  650.5 |
  Orcish Mines |    176 |    160 |     16 |    106 |     42 |   2 |   88.0 |
               +--------+--------+--------+--------+--------+-----+--------+

Top non-repeatable levels by time:
     D:6: 1722 daAuts
     D:1: 1328 daAuts
  Lair:1: 1286 daAuts
     D:8: 1282 daAuts
     D:7: 1273 daAuts
     D:4: 976 daAuts
     D:2: 925 daAuts
     D:5: 897 daAuts
     D:9: 853 daAuts
     D:3: 712 daAuts
   Orc:1: 169 daAuts
  Temple: 36 daAuts
  Lair:2: 15 daAuts
   Orc:2: 6 daAuts
